 Dungeon Crawl Stone Soup version 0.23.2-1-ga50397a6bc (webtiles) character file.

Game seed: 11509515912263838373

301 Menchi the Shield-Bearer (level 6, -1/53 HPs)
             Began as a Gnoll Fighter on May 7, 2019.
             Slain by a hound (2 damage)
             ... on level 4 of the Dungeon.
             The game lasted 00:04:35 (2592 turns).

Menchi the Shield-Bearer (Gnoll Fighter)            Turns: 2592, Time: 00:04:36

Health: -1/53      AC:  7    Str: 20    XL:     6   Next: 37%
Magic:  8/8        EV: 10    Int: 11    God:
Gold:   195        SH:  7    Dex: 14    Spells: 8/8 levels left

rFire    . . .     SeeInvis +   q - -2 dagger (curse)
rCold    . . .     Gourm    .   i - +1 buckler
rNeg     . . .     Faith    .   b - +0 scale mail
rPois    .         Spirit   .   (no helmet)
rElec    .         Reflect  .   (no cloak)
rCorr    .         Harm     .   (no gloves)
MR       .....                  (no boots)
Stlth    ..........             (no amulet)
HPRegen  0.17/turn              e - ring of attention (curse)
MPRegen  0.11/turn              j - ring of see invisible

@: no status effects
A: distributed training, fangs 1, strong nose
a: no special abilities


You were on level 4 of the Dungeon.
You were not hungry.

You visited 1 branch of the dungeon, and saw 4 of its levels.

You collected 195 gold pieces.

Inventory:

Hand Weapons
 a - a +0 long sword
 q - a cursed -2 dagger (weapon)
Armour
 b - a +0 scale mail (worn)
 i - a +1 buckler (worn)
Jewellery
 e - a cursed ring of attention (left hand)
 j - a ring of see invisible (right hand)
 p - an uncursed ring of poison resistance
 s - an uncursed ring of stealth {unknown}
Scrolls
 g - a scroll of fog
 h - 5 scrolls of identify
 k - 2 scrolls of immolation
 o - 2 scrolls of teleportation
Potions
 c - 2 potions of agility {unknown}
 d - 2 potions of might
 l - 3 potions of magic {unknown}
 m - 2 potions of curing {unknown}
 r - a potion of flight {unknown}
Comestibles
 f - 10 rations
 n - a chunk of flesh


   Skills:
 + Level 6.8 Fighting
 + Level 1.9 Short Blades
 + Level 4.9 Long Blades
 + Level 1.9 Axes
 + Level 1.9 Maces & Flails
 + Level 1.9 Polearms
 + Level 1.9 Staves
 + Level 1.9 Slings
 + Level 1.9 Bows
 + Level 1.9 Crossbows
 + Level 1.9 Throwing
 + Level 6.8 Armour
 + Level 1.9 Dodging
 + Level 1.9 Stealth
 + Level 6.8 Shields
 + Level 1.9 Unarmed Combat
 + Level 1.9 Spellcasting
 + Level 1.5 Conjurations
 + Level 1.5 Hexes
 + Level 1.5 Charms
 + Level 1.5 Summonings
 + Level 1.5 Necromancy
 + Level 1.5 Translocations
 + Level 1.5 Transmutations
 + Level 1.5 Fire Magic
 + Level 1.5 Ice Magic
 + Level 1.5 Air Magic
 + Level 1.5 Earth Magic
 + Level 1.5 Poison Magic
 + Level 2.1 Invocations
 + Level 1.9 Evocations


You had 8 spell levels left.
You didn't know any spells.
Your spell library was empty.

Dungeon Overview and Level Annotations

Branches:
Dungeon (4/15)
 Temple: D:4-7

Altars:
Ru

Annotations:
D:4 Eustachio


Innate Abilities, Weirdness & Mutations

Your experience applies equally to all skills.
You have very sharp teeth.
Your uncanny sense of smell can sniff out nearby items.


Message History

Eustachio is heavily wounded.
The quokka bites you.
* * * LOW HITPOINT WARNING * * *
You block the river rat's attack. The hound bites you but does no damage.
You block the quokka's attack. The rat bites you but does no damage.
Eustachio gestures wildly while chanting.
Eustachio blinks!
The quokka bites you but does no damage.
You block the river rat's attack. You block the hound's attack.
Eustachio gestures wildly while chanting.
Eustachio blinks!
You closely miss the quokka. Your bite misses the quokka.
The quokka misses you.
The river rat bites you but does no damage.
The hound closely misses you.
The ufetubus hits you but does no damage.
The ufetubus barely misses you.
You hit the quokka but do no damage. The quokka closely misses you.
The hound bites you.
You die...

####+#####.#
##..........#
#...........#
#.........ยง.#
#...........#
#......r....#
..#.....rr5...#
.......rh@....#
..######.#######
.......@.#
########.# ...
#.# ###.###.#
#.......#
#.##.##.#
#.##+######


You could see Eustachio, a hound, a river rat, an ufetubus, 2 quokkas and a rat.

Vanquished Creatures
  A black bear (D:3)
  An ogre (D:3)
  An orc wizard (D:3)
  3 adders
  2 dart slugs
  2 leopard geckos
  9 orcs
  3 giant cockroaches
  9 goblins
  7 hobgoblins
  3 jackals (D:3)
  8 kobolds
  A quokka (D:3)
  4 bats
  4 frilled lizards
  6 rats
64 creatures vanquished.

Notes
Turn   | Place    | Note
-------+----------+-------------------------------------------
     0 | D:1      | Menchi the Gnoll Fighter began the quest for the Orb.
     0 | D:1      | Reached XP level 1. HP: 23/23 MP: 1/1
   131 | D:1      | Reached XP level 2. HP: 29/29 MP: 2/2
   376 | D:1      | Reached XP level 3. HP: 35/35 MP: 3/3
   773 | D:2      | Reached skill level 1 in Invocations
  1113 | D:2      | Reached skill level 1 in Short Blades
  1113 | D:2      | Reached skill level 1 in Axes
  1113 | D:2      | Reached skill level 1 in Maces & Flails
  1113 | D:2      | Reached skill level 1 in Polearms
  1113 | D:2      | Reached skill level 1 in Staves
  1113 | D:2      | Reached skill level 1 in Slings
  1113 | D:2      | Reached skill level 1 in Bows
  1113 | D:2      | Reached skill level 1 in Crossbows
  1113 | D:2      | Reached skill level 1 in Throwing
  1113 | D:2      | Reached skill level 1 in Dodging
  1113 | D:2      | Reached skill level 1 in Stealth
  1113 | D:2      | Reached skill level 1 in Unarmed Combat
  1113 | D:2      | Reached skill level 1 in Spellcasting
  1113 | D:2      | Reached skill level 1 in Evocations
  1372 | D:2      | Found a sacrificial altar of Ru.
  1436 | D:3      | Reached XP level 4. HP: 36/41 MP: 5/5
  1775 | D:3      | Noticed a black bear
  1801 | D:3      | Killed a black bear
  1801 | D:3      | Reached skill level 1 in Conjurations
  1801 | D:3      | Reached skill level 1 in Hexes
  1801 | D:3      | Reached skill level 1 in Charms
  1801 | D:3      | Reached skill level 1 in Summonings
  1801 | D:3      | Reached skill level 1 in Necromancy
  1801 | D:3      | Reached skill level 1 in Translocations
  1801 | D:3      | Reached skill level 1 in Transmutations
  1801 | D:3      | Reached skill level 1 in Fire Magic
  1801 | D:3      | Reached skill level 1 in Ice Magic
  1801 | D:3      | Reached skill level 1 in Air Magic
  1801 | D:3      | Reached skill level 1 in Earth Magic
  1801 | D:3      | Reached skill level 1 in Poison Magic
  1801 | D:3      | Reached XP level 5. HP: 36/47 MP: 5/7
  2329 | D:3      | Noticed an ogre
  2339 | D:3      | Killed an ogre
  2339 | D:3      | Reached XP level 6. HP: 39/53 MP: 8/8
  2545 | D:4      | Noticed Eustachio
  2589 | D:4      | HP: 1/53 [quokka[Eustachio] (3)]
  2592 | D:4      | Slain by a hound

Skill      XL: |  1  2  3  4  5 |
---------------+----------------+-----
Invocations    | 1 2 |  2.1
Short Blades   | 1 |  1.9
Axes           | 1 |  1.9
Maces & Flails | 1 |  1.9
Polearms       | 1 |  1.9
Staves         | 1 |  1.9
Slings         | 1 |  1.9
Bows           | 1 |  1.9
Crossbows      | 1 |  1.9
Throwing       | 1 |  1.9
Dodging        | 1 |  1.9
Stealth        | 1 |  1.9
Unarmed Combat | 1 |  1.9
Spellcasting   | 1 |  1.9
Evocations     | 1 |  1.9
Conjurations   | 1 |  1.5
Hexes          | 1 |  1.5
Charms         | 1 |  1.5
Summonings     | 1 |  1.5
Necromancy     | 1 |  1.5
Translocations | 1 |  1.5
Transmutations | 1 |  1.5
Fire Magic     | 1 |  1.5
Ice Magic      | 1 |  1.5
Air Magic      | 1 |  1.5
Earth Magic    | 1 |  1.5
Poison Magic   | 1 |  1.5
Fighting       | |  6.8
Long Blades    | |  4.9
Armour         | |  6.8
Shields        | |  6.8

Action                   |  1- 3 |  4- 6 || total
-------------------------+-------+-------++-------
Melee: Long sword        |    81 |   112 ||   193
       Bite              |     5 |    14 ||    19
       Dagger            |       |    53 ||    53
  Use: Scroll            |     3 |     2 ||     5
  Eat: Chunk             |     1 |     5 ||     6
Armor: Scale mail        |    28 |   103 ||   131
Dodge: Dodged            |    25 |   126 ||   151
Block: Shield            |    33 |       ||    33
       Buckler           |     5 |    95 ||   100
       Rpst.: Long sword |     7 |    14 ||    21
